 Dungeon Crawl Stone Soup version 0.31.0-32-g396128a36d (webtiles) character file.

Game seed: 1287110747183846873

1079 SSird the Skirmisher (level 8, -2/60 HPs)
             Began as a Gnoll Wanderer on Apr 4, 2024.
             Was an Initiate of Gozag.
             Slain by Duvessa
             ... wielding a +1 short sword of venom
              (7 damage)
             ... on level 4 of the Dungeon.
             The game lasted 00:16:07 (4035 turns).

SSird the Skirmisher (Gnoll Wanderer)               Turns: 4035, Time: 00:16:09

Health: -2/60      AC:  3    Str:  9    XL:     8   Next: 29%
Magic:  17/17      EV: 13    Int: 13    God:    Gozag
Gold:   542        SH:  0    Dex: 15    Spells: 15/19 levels left

rFire   x . .        b - +4 short sword (freeze)
rCold   + . .        (no shield)
rNeg    . . .        d - +0 robe
rPois   .            i - +0 helmet
rElec   .            (no cloak)
rCorr   .            (no gloves)
SInv    .            (no boots)
Will    .....        q - amulet of regeneration
Stlth   +++          p - ring of wizardry
HPRegen 1.10/turn    r - ring of ice
MPRegen 0.15/turn

%: wizardry (x1)
@: lethally poisoned (-2 -> -27), about to teleport
A: fangs 1, strong nose, distributed training
a: Renounce Religion, Potion Petition, Call Merchant, Bribe Branch


You were on level 4 of the Dungeon.
You worshipped Gozag.
Gozag was pleased with you.
You visited 1 branch of the dungeon, and saw 5 of its levels.

You collected 611 gold pieces.
You paid 69 gold pieces to Gozag.

Inventory:

Hand Weapons
 a - a +3 sling
 b - a +4 short sword of freezing (weapon)
Missiles
 v - a throwing net
Armour
 d - a +0 robe (worn)
 i - a +0 helmet (worn)
Magical Staves
 e - a staff of alchemy
Jewellery
 p - a ring of wizardry (left hand)
 q - an amulet of regeneration (around neck)
 r - a ring of ice (right hand)
 s - a +6 ring of dexterity
Talismans
 m - a beast talisman
 n - a blade talisman
Wands
 g - a wand of paralysis (7)
Scrolls
 c - 4 scrolls of teleportation
 f - 2 scrolls of identify
 k - a scroll of fog
 l - 2 scrolls of enchant weapon
Potions
 h - a potion of berserk rage
 j - a potion of attraction
 o - 2 potions of degeneration
 t - 2 potions of resistance
 u - a potion of magic
 w - a potion of brilliance {unknown}


   Skills:
 + Level 4.2 Fighting
 + Level 3.2 Short Blades
 + Level 3.2 Long Blades
 + Level 3.2 Axes
 + Level 3.2 Maces & Flails
 + Level 3.2 Polearms
 + Level 3.2 Staves
 + Level 9.2 Ranged Weapons
 + Level 3.2 Throwing
 + Level 3.2 Armour
 + Level 4.2 Dodging
 + Level 4.1 Stealth
 + Level 3.2 Shields
 + Level 3.2 Unarmed Combat
 + Level 6.0 Spellcasting
 + Level 2.6 Conjurations
 + Level 2.6 Hexes
 + Level 2.6 Summonings
 + Level 2.6 Necromancy
 + Level 2.6 Translocations
 + Level 2.6 Fire Magic
 + Level 2.6 Ice Magic
 + Level 2.6 Air Magic
 + Level 2.6 Earth Magic
 + Level 3.4 Alchemy
 + Level 3.6 Invocations
 + Level 3.2 Evocations
 + Level 3.0 Shapeshifting


You had 15 spell levels left.
You knew the following spells:

 Your Spells              Type           Power      Damage    Failure   Level
a - Sting                 Conj/Alch      44%        1d5       1%          1
b - Inner Flame           Hex/Fire       10%        N/A       7%          3

Your spell library contained the following spells:

 Spells                   Type           Power      Damage    Failure   Level
 Mephitic Cloud           Conj/Alch/Air  11%        N/A       6%          3
 Irradiate                Conj/Alch      5%         3d13      45%         5
 Ignition                 Fire           5%         3d4       100%        8


Dungeon Overview and Level Annotations

Branches:
Dungeon (5/15)
 Temple: D:4-7

Altars:
Elyvilon
Gozag
Ru
Trog
Uskayaw
Wu Jian
Yredelemnul
Zin
The Shining One

Shops:
D:5 =

Annotations:
D:4 Duvessa


Innate Abilities, Weirdness & Mutations

You have very sharp teeth.
Your uncanny sense of smell can sniff out nearby items.
Your experience applies equally to all skills.


Message History

r - Retreat! s - Stop attacking. g - Guard the area. f - Follow me.
Anything else - Cancel.
You bark for attention!
You start waiting.
Done waiting.
You can't see any susceptible monsters within range! (Use Z to cast anyway.)
You now have 505 gold pieces (gained 19).
You now have 523 gold pieces (gained 18).
You now have 532 gold pieces (gained 9).
You now have 538 gold pieces (gained 6).
You see here a +0 whip of electrocution.
You now have 542 gold pieces (gained 4).
Things that are here:
a +0 dagger; a +0 robe Duvessa goes berserk!
Duvessa barely misses you.
There is an escape hatch in the ceiling here.
Duvessa hits you with a +1 short sword of venom!
You are poisoned.
Duvessa hits you with a +1 short sword of venom!
A mysterious force pulls you upwards. The hatch slams shut behind you.
You feel extremely sick.
Unknown command.
As you read the scroll of teleportation, it crumbles to dust.
You feel strangely unstable.
You feel very sick.
Duvessa hits you with a +1 short sword of venom!
You are more poisoned.
Unknown command.
Okay, then.
Okay, then.
You feel very sick. Duvessa attacks as she pursues you!
Duvessa hits you with a +1 short sword of venom!
* * * LOW HITPOINT WARNING * * *
You are more poisoned.
Duvessa hits you with a +1 short sword of venom!
You die...
Your body crumbles into a pile of gold.

#...# #....####.###.## ##<..#
#..#.## #.# #.# ##....# ######
##.#..# #.###'## ##.....# #....#
#.##.###....... ....#.## #....#
#.##..####..... ......## #....#
#..#...........
.......###....#####..............
.........#...............##......
................@####......##....
....###.......##e..##....#.##....
....# #.#.......##..#..###.....#.
....###.####..#.###.##.######....
....##..# ##.........(...######.
.#.#...## ##.###.........# #.
.....### #.# #....###..# #.
...### #.###.#.......# #. #...##
#..##.##......######


You could see Duvessa (berserk).

Vanquished Creatures
  Grinder (D:4)
  2 ogres (D:4)
  A scorpion (D:3)
  Dowan (D:5)
  5 bombardier beetles
  2 jellies (D:3)
  3 hounds
  2 orc priests
  3 iguanas (D:5)
  3 gnolls (D:5)
  4 adders
  A shadow imp (D:5)
  2 dart slugs
  A ribbon worm (D:4)
  5 orcs
  10 ball pythons
  A bat (D:1)
  10 endoplasms
  A giant cockroach (D:1)
  5 goblins
  7 hobgoblins
  11 jackals
  4 quokkas
  2 frilled lizards
  11 kobolds
  5 rats
103 creatures vanquished.

Notes
Turn   | Place    | Note
-------+----------+-------------------------------------------
     0 | D:1      | SSird the Gnoll Wanderer began the quest for the Orb.
     0 | D:1      | SSird set off with the following items: a +2 sling, a +0
                  | helmet, a scroll of teleportation, a +0 robe; and the
                  | following spell memorised: Sting; and the following spells
                  | available to memorise: Mephitic Cloud.
     0 | D:1      | Reached XP level 1. HP: 17/17 MP: 6/6
    43 | D:1      | Reached XP level 2. HP: 23/23 MP: 7/7
   173 | D:1      | Reached skill level 5 in Spellcasting
   173 | D:1      | Reached XP level 3. HP: 21/28 MP: 7/9
   691 | D:1      | Reached skill level 1 in Invocations
   882 | D:2      | Reached skill level 1 in Short Blades
   882 | D:2      | Reached skill level 1 in Long Blades
   882 | D:2      | Reached skill level 1 in Axes
   882 | D:2      | Reached skill level 1 in Maces & Flails
   882 | D:2      | Reached skill level 1 in Polearms
   882 | D:2      | Reached skill level 1 in Staves
   882 | D:2      | Reached skill level 1 in Throwing
   882 | D:2      | Reached skill level 1 in Armour
   882 | D:2      | Reached skill level 1 in Shields
   882 | D:2      | Reached skill level 1 in Unarmed Combat
   882 | D:2      | Reached skill level 1 in Evocations
  1101 | D:2      | Reached skill level 1 in Shapeshifting
  1101 | D:2      | Reached XP level 4. HP: 34/34 MP: 11/11
  1246 | D:2      | Found a faded altar of an unknown god.
  1402 | D:3      | Reached skill level 1 in Conjurations
  1402 | D:3      | Reached skill level 1 in Hexes
  1402 | D:3      | Reached skill level 1 in Summonings
  1402 | D:3      | Reached skill level 1 in Necromancy
  1402 | D:3      | Reached skill level 1 in Translocations
  1402 | D:3      | Reached skill level 1 in Fire Magic
  1402 | D:3      | Reached skill level 1 in Ice Magic
  1402 | D:3      | Reached skill level 1 in Air Magic
  1402 | D:3      | Reached skill level 1 in Earth Magic
  1405 | D:3      | Found an opulent altar of Gozag.
  1405 | D:3      | Found a glowing golden altar of the Shining One.
  1405 | D:3      | Found a glowing golden altar of the Shining One.
  1405 | D:3      | Found a hide-covered altar of Uskayaw.
  1405 | D:3      | Found an ornate altar of the Wu Jian Council.
  1405 | D:3      | Found a basalt altar of Yredelemnul.
  1441 | D:3      | Reached XP level 5. HP: 41/41 MP: 12/12
  1462 | D:3      | Became a worshipper of Gozag Ym Sagoz the Greedy
  1555 | D:3      | Found a white marble altar of Elyvilon.
  1758 | D:3      | Learned a level 3 spell: Inner Flame
  2129 | D:3      | Reached XP level 6. HP: 9/47 MP: 14/14
  2395 | D:4      | Found a sacrificial altar of Ru.
  2397 | D:4      | Found a glowing silver altar of Zin.
  2468 | D:4      | Reached XP level 7. HP: 37/52 MP: 15/15
  2635 | D:4      | Found a hide-covered altar of Uskayaw.
  2640 | D:4      | Noticed Grinder
  2646 | D:4      | Paralysed by Grinder for 4 turns
  2664 | D:4      | Paralysed by Grinder for 3 turns
  2683 | D:4      | Killed Grinder
  2684 | D:4      | Reached skill level 9 in Ranged Weapons
  2909 | D:4      | Found a bloodstained altar of Trog.
  3096 | D:5      | Entered Level 5 of the Dungeon
  3124 | D:5      | Found an ornate altar of the Wu Jian Council.
  3178 | D:5      | Reached XP level 8. HP: 59/60 MP: 16/16
  3226 | D:5      | Noticed Duvessa
  3463 | D:5      | Found Ketedd's Jewellery Boutique.
  3491 | D:5      | Noticed Dowan
  3823 | D:5      | Killed Dowan
  4035 | D:4      | Slain by Duvessa

Illustrated notes

Levels and vault maps discovered:
D:1:      scummos_arrival_simple_fountains, layout_loops_ring
D:2:      layout_loops_ring, shapermc_ecumenical_altar_mp_highgroup,
          serial_park_tiny_1
D:3:      cheibrodos_fertilizer, layout_loops_ring,
          nicolae_overflow_crystal_walls
D:4:      layout_rooms, lemuel_doored_altar, mainiacjoe_overflow_alcove_1,
          chequers_temple_overflow_statue_of_worship, uniq_grinder
D:5:      layout_cave_pods, mainiacjoe_overflow_six_doors_small, serial_shops,
          nicolae_shop_tiny_glass, uniq_duvessa

Skill      XL: |  1  2  3  4  5  6  7  8 |
---------------+-------------------------+-----
Alchemy        | 2 3 |  3.4
Spellcasting   | 5 6 |  6.0
Invocations    | 1 2 3 |  3.6
Short Blades   | 1 2 3 |  3.2
Long Blades    | 1 2 3 |  3.2
Axes           | 1 2 3 |  3.2
Maces & Flails | 1 2 3 |  3.2
Polearms       | 1 2 3 |  3.2
Staves         | 1 2 3 |  3.2
Throwing       | 1 2 3 |  3.2
Armour         | 1 2 3 |  3.2
Shields        | 1 2 3 |  3.2
Unarmed Combat | 1 2 3 |  3.2
Evocations     | 1 2 3 |  3.2
Shapeshifting  | 1 2 3 |  3.0
Conjurations   | 1 2 |  2.6
Hexes          | 1 2 |  2.6
Summonings     | 1 2 |  2.6
Necromancy     | 1 2 |  2.6
Translocations | 1 2 |  2.6
Fire Magic     | 1 2 |  2.6
Ice Magic      | 1 2 |  2.6
Air Magic      | 1 2 |  2.6
Earth Magic    | 1 2 |  2.6
Fighting       | 3 4 |  4.2
Dodging        | 3 4 |  4.2
Stealth        | 3 4 |  4.1
Ranged Weapons | 9 |  9.2

Action                     |  1- 3 |  4- 6 |  7- 9 || total
---------------------------+-------+-------+-------++-------
  Melee: Short sword       |     4 |     9 |    61 ||    74
         Bite              |       |     1 |    10 ||    11
         Punch             |       |       |     4 ||     4
   Fire: Sling             |    87 |   127 |   102 ||   316
    Use: Scroll            |       |       |    11 ||    11
         Potion            |       |       |     1 ||     1
   Stab: Sleeping          |       |       |     1 ||     1
 Armour: Robe              |    21 |    27 |    39 ||    87
  Dodge: Dodged            |    23 |    32 |    26 ||    81
